 Dungeon Crawl Stone Soup version 0.27.0-1-g7a089689b8 (webtiles) character file.

Game seed: 11069159344471985935

99 Spectrina the Magician (level 4, -15/27 HPs)
             Began as a Deep Elf Monk on Aug 6, 2021.
             Demolished by an ogre (18 damage)
             ... on level 4 of the Dungeon.
             The game lasted 00:11:40 (1325 turns).

Spectrina the Magician (Deep Elf Monk)              Turns: 1325, Time: 00:11:40

Health: -15/27     AC:  2    Str: 14    XL:     4   Next: 45%
Magic:  13/13      EV: 13    Int: 16    God:
Gold:   148        SH:  0    Dex: 17    Spells: 14/14 levels left

rFire    . . .     SeeInvis .   b - +0 hunting sling
rCold    . . .     Faith    .   (no shield)
rNeg     . . .     Spirit   .   c - +0 robe
rPois    .         Reflect  .   (no helmet)
rElec    .         Harm     .   (no cloak)
rCorr    .         Rampage  .   (no gloves)
Will     .....                  (no boots)
Stlth    ++........             (no amulet)
HPRegen  0.09/turn              n - +6 ring of strength
MPRegen  0.13/turn              (no ring)

@: no status effects
A: no striking features
a: no special abilities


You were on level 4 of the Dungeon.
You visited 1 branch of the dungeon, and saw 4 of its levels.
You also visited: Ossuary.

You collected 148 gold pieces.

Inventory:

Hand Weapons
 a - a +0 short sword
 b - a +0 hunting sling (weapon)
 m - a +0 long sword
Missiles
 g - 6 curare-tipped darts
 h - 17 stones
 k - 11 sling bullets (quivered ammo)
Armour
 c - a +0 robe (worn)
Jewellery
 n - a +6 ring of strength (left hand)
Wands
 i - a wand of polymorph (11)
Scrolls
 j - 2 scrolls of magic mapping
 p - a scroll of noise {unknown}
 v - a scroll of teleportation {unknown}
Potions
 d - a potion of ambrosia
 e - a potion of degeneration {unknown}
 f - a potion of brilliance {unknown}
 l - a potion of attraction {unknown}
 q - a potion of haste {unknown}
 s - a potion of mutation {unknown}


   Skills:
 - Level 2.4 Fighting
 - Level 3.0 Short Blades
 - Level 3.6 Dodging
 - Level 2.4 Stealth
 + Level 5.5 Spellcasting


You had 14 spell levels left.
You didn't know any spells.
Your spell library was empty.

Dungeon Overview and Level Annotations

Branches:
Dungeon (4/15)             Temple (0/1) D:4         Ossuary (visited)

Altars:
Hepliaklqana


Message History

Fire: 12 sling bullets
Press: ? - help, Q - select action, (/) - cycle Shift-Dir - straight line, f/p - ogre
Aim: an ogre, wielding a +0 giant club (lightly wounded, 75% to hit)
You shoot a sling bullet. The sling bullet hits the ogre.
The ogre is moderately wounded.
A dart slug comes into view.
An orc comes into view. It is wielding a +0 club.
Unknown command.
Items here: )) [ †.
Found Great Wizards, Vol.
II.
Unknown command.
A hound comes into view.
The orc priest shouts!
The hound bites you.
The orc priest calls down the wrath of Beogh upon you.
Beogh smites you!
Ouch! That really hurt!
* * * LOW HITPOINT WARNING * * *
You hear a shout!
The hound barely misses you. The hound bites you.
* * * LOW HITPOINT WARNING * * *
Unknown command.
You feel better. The hound bites you.
* * * LOW HITPOINT WARNING * * *
Unknown command.
As you read the scroll labelled ITAFFI QUFECAR, it crumbles to dust.
The creatures around you are filled with an inner flame!
It was a scroll of immolation.
The hound barely misses you.
The orc priest begins to cast a cantrip, but forgets the words!
The hound closely misses you.
As you read the scroll labelled XIOTUN AL LUDD, it crumbles to dust.
You speak a Word of immense power!
It was a scroll of holy word.
The hound misses you.
As you read the scroll labelled PAILUI HUOQAA, it crumbles to dust.
It is a scroll of amnesia.
You feel forgetful for a moment. The hound bites you.
* * * LOW HITPOINT WARNING * * *
The ogre hits you with a +0 giant club!!
Ouch! That really hurt!
You die...

.... #. ##### #.⌠.# ....#..
....##. #...###...###.......
.....#.######..................
...................o..........
...................##..# ...#
...........#$......##.###..#
.....g.....................#
........))..###.O....###.###
####.#....(.##.@h.####...#
#.##.##.((...### #..###
##.........#.######O##.#
.#.............)........######
.............#######.......# ..
............##........##..## g
......(...^...............# #.
.#...(...##...........#...# #
....(....###..........#.#.#


You could see an ogre (inner flame), a hound (inner flame) and an orc priest
(inner flame).

Vanquished Creatures
  A mummy (Ossuary)
  An adder (D:4)
  An adder skeleton (D:4)
  3 orcs (D:4)
  3 spectral bats (Ossuary)
  A bat (D:1)
  4 endoplasms
  A giant cockroach (D:4)
  12 gnoll zombies (Ossuary)
  A goblin (D:4)
  A hobgoblin (D:4)
  4 kobolds
  2 ball pythons
  3 bat simulacra (Ossuary)
  A frilled lizard (D:3)
  5 goblin simulacra (Ossuary)
  A goblin zombie (Ossuary)
  9 hobgoblin zombies (Ossuary)
  3 kobold simulacra (Ossuary)
  4 kobold zombies (Ossuary)
  4 orc zombies (Ossuary)
  A rat simulacrum (Ossuary)
  4 spectral goblins (Ossuary)
  3 spectral kobolds (Ossuary)
  4 spectral rats (Ossuary)
77 creatures vanquished.

Notes
Turn   | Place    | Note
-------+----------+-------------------------------------------
     0 | D:1      | Spectrina the Deep Elf Monk began the quest for the Orb.
     0 | D:1      | Reached XP level 1. HP: 13/13 MP: 3/3
    61 | D:2      | Reached skill level 1 in Spellcasting
   115 | D:3      | Reached skill level 2 in Spellcasting
   171 | D:4      | Reached XP level 2. HP: 18/18 MP: 7/7
   199 | D:4      | Reached skill level 3 in Spellcasting
   264 | D:4      | Found a faded altar of an unknown god.
   265 | D:4      | Found a hazy altar of Hepliaklqana.
   265 | D:4      | Found a faded altar of an unknown god.
   331 | D:4      | Noticed a scorpion
   334 | D:4      | Noticed an ice beast
   334 | D:4      | a scorpion changed into an ice beast
   341 | D:4      | Noticed a necrophage
   449 | D:4      | Found a sand-covered staircase.
   478 | D:4      | Reached XP level 3. HP: 17/22 MP: 10/10
   513 | Ossuary  | Entered an ossuary
   601 | Ossuary  | Reached skill level 4 in Spellcasting
   953 | Ossuary  | Reached XP level 4. HP: 21/27 MP: 12/12
   963 | Ossuary  | Reached skill level 5 in Spellcasting
  1260 | D:4      | Found a staircase to the Ecumenical Temple.
  1260 | D:4      | Noticed an ogre
  1321 | D:4      | HP: 1/27 [hound (5)]
  1325 | D:4      | Demolished by an ogre

Illustrated notes

Levels and vault maps discovered:
D:1:      dpeg_arrival_more_subterranean_lakeside_camping, layout_basic,
          shapermc_ecumenical_altar_notcrosses
D:2:      layout_loops_ring, basic_altar, minmay_octomino_j4
D:3:      layout_loops_ring, lemuel_round_altar
D:4:      minmay_polygon_palace, layout_rooms,
          nicolae_hepliaklqana_ecumenical_no_more, minmay_temple_entry_junction,
          nicolae_ossuary_entry_ruins, corexii_leaking_fountain,
          minmay_increasing_density

Skill      XL: |  1  2  3  4 |
---------------+-------------+-----
Spellcasting   | 2 3 4 5 |  5.5
Fighting       | |  2.4
Short Blades   | |  3.0
Dodging        | |  3.6
Stealth        | |  2.4

Action                   |  1- 3 |  4- 6 || total
-------------------------+-------+-------++-------
Melee: Short sword       |   137 |    41 ||   178
       Long sword        |       |     5 ||     5
 Fire: Hunting sling     |    82 |    28 ||   110
Evoke: Wand              |     1 |       ||     1
  Use: Scroll            |     1 |     5 ||     6
       Potion            |       |     1 ||     1
 Stab: Sleeping          |     7 |     2 ||     9
Armor: Robe              |    28 |     2 ||    30
Dodge: Dodged            |    91 |    26 ||   117
       Rpst.: Long sword |       |     1 ||     1
